 Dungeon Crawl Stone Soup version 0.31-a0-321-g19405a7a6a (webtiles) character file.

Game seed: 3121839333192419195

594 LeprechaunX the Changeling (level 7, -16/46 HPs)
             Began as an Octopode Shapeshifter on July 18, 2023.
             Killed from afar by a steam dragon (21 damage)
             ... with a ball of steam
             ... on level 6 of the Dungeon.
             The game lasted 00:07:22 (3759 turns).

LeprechaunX the Changeling (Octopode Shapeshifter)  Turns: 3759, Time: 00:07:23

Health: -16/46     AC:  1    Str: 17    XL:     7   Next: 39%
Magic:  0/7        EV: 13    Int: 10    God:
Gold:   312        SH:  0    Dex: 12    Spells: 6/6 levels left

rFire   . .          .
                       - Unarmed
rCold   . . .        (no shield)
rNeg    . . .        (helmet currently unavailable)
rPois   .            x - amulet of guardian spirit
rElec   .            (no ring)
rCorr   .            (no ring)
SInv    .            (no ring)
Will    .....        (no ring)
Stlth   ++           (no ring)
HPRegen 0.27/turn    (no ring)
MPRegen 0.10/turn    (no ring)
                     (no ring)

%: guardian spirit
@: beast-form
A: beast (slay +3), almost no armour, amphibious, 8 rings, camouflage 1,
gelatinous body 1, (nimble swimmer 1), tentacles
a: Begin Untransformation


You were on level 6 of the Dungeon.
You were a hulking beast.
You visited 1 branch of the dungeon, and saw 6 of its levels.

You collected 312 gold pieces.

Inventory:

Hand Weapons
 m - a +3 spear of venom
Missiles
 r - 2 poisoned darts (quivered)
Jewellery
 x - an amulet of guardian spirit (around mantle)
Talismans
 b - a beast talisman
 u - a blade talisman
Wands
 w - a wand of flame (14)
Scrolls
 c - 6 scrolls of identify {unknown}
 d - a scroll of teleportation {unknown}
 e - a scroll of torment {unknown}
 i - a scroll of noise {unknown}
 j - a scroll of fear {unknown}
 n - a scroll of poison {unknown}
 o - a scroll of immolation {unknown}
 t - 2 scrolls of enchant weapon {unknown}
 v - a scroll of vulnerability {unknown}
 y - a scroll of fog {unknown}
Potions
 a - 3 potions of lignification
 f - a potion of brilliance {unknown}
 g - 2 potions of ambrosia {unknown}
 h - a potion of curing {unknown}
 k - a potion of attraction {unknown}
 l - 2 potions of resistance {unknown}
 p - a potion of haste {unknown}
 q - a potion of might {unknown}
 s - a potion of cancellation {unknown}


   Skills:
 - Level 3.2 Fighting
 - Level 1.2 Polearms
 - Level 3.1 Dodging
 - Level 4.0 Unarmed Combat
 + Level 5.5 Shapeshifting


You had 6 spell levels left.
You didn't know any spells.
Your spell library was empty.

Dungeon Overview and Level Annotations

Branches:
Dungeon (6/15)
 Temple: D:4-7

Altars:

Shops:
D:1 (   D:3 :

Annotations:
D:5 Dowan


Innate Abilities, Weirdness & Mutations

You are a hulking beast.
Your limbs bulge with bestial killing power. (Slay +3)
You cannot wear most types of armour.
You are amphibious.
You can wear up to eight rings at the same time.
Your skin changes colour to match your surroundings (Stealth+).
Your rubbery body absorbs attacks. (AC +1, EV +1)
((You are camouflaged when in or above water. (Stealth+)))
You have tentacles for arms and can constrict up to eight enemies at once.


Message History

You open the door.
There is an open door here.
As you open the door, it creaks loudly!
There is an open door here.
As you open the door, it creaks loudly!
A dart slug comes into view.
There is an open door here.
The dart slug launches a dart at you. The slug dart misses you.
Found a stone staircase leading down.
You bludgeon the dart slug! You grab the dart slug. You squeeze the dart slug.
You kill the dart slug!
No target in view!
There is a stone staircase leading down here.
There is an open door here.
There is an open door here.
There is an open door here.
There is a stone staircase leading up here.
You open the door.
Found a stone staircase leading down.
There is an open door here.
There is a stone staircase leading down here.
You climb downwards.
There is a stone staircase leading up here.
Found a stone staircase leading down.
Found a ring mail.
You now have 312 gold pieces (gained 11).
A steam dragon comes into view.
The steam dragon hisses angrily.
The steam dragon breathes steam at you. The ball of steam hits you!!
The steam dragon moves out of view.
You hear a shout!
You are engulfed in a cloud of scalding steam.
The steam dragon breathes steam at you. The ball of steam hits you!!
* * * LOW HITPOINT WARNING * * *
You hear a shout!
You hear an angry hiss.
The steam dragon breathes steam at you. The ball of steam hits you!!
You die...

.........# ...
........##...
.D.....#....
..........
.############.......#
................§...#
......#########D[..#
........§§D........#
#.#...h#########..#
###.....# ..#
###...###.> ...
##......... ...
####..###....# ..
#...<## ###.. .
#....#### . #.##


There were no monsters in sight!

Vanquished Creatures
  An ogre (D:4)
  A phantom (D:5)
  2 scorpions
  A jelly (D:5)
  A hound (D:5)
  An iguana (D:4)
  11 gnolls
  4 adders
  2 worms (D:2)
  3 dart slugs
  3 orcs
  9 ball pythons
  5 endoplasms
  3 giant cockroaches
  10 goblins
  7 hobgoblins
  7 kobolds
  2 quokkas (D:2)
  3 bats
  7 frilled lizards
  11 rats
94 creatures vanquished.

Notes
Turn   | Place    | Note
-------+----------+-------------------------------------------
     0 | D:1      | LeprechaunX the Octopode Shapeshifter began the quest for
                  | the Orb.
     0 | D:1      | Reached XP level 1. HP: 14/14 MP: 1/1
   157 | D:1      | Reached XP level 2. HP: 14/19 MP: 2/2
   407 | D:1      | Found Wifapigh's Antique Weapon Boutique.
   623 | D:1      | Reached XP level 3. HP: 24/24 MP: 3/3
  1446 | D:2      | Reached XP level 4. HP: 29/29 MP: 4/4
  2076 | D:3      | Found Cuuwk's Vocational Training.
  2081 | D:3      | Reached XP level 5. HP: 35/35 MP: 5/5
  2469 | D:4      | Reached skill level 4 in Shapeshifting
  2619 | D:4      | Reached XP level 6. HP: 30/41 MP: 6/6
  3079 | D:4      | Reached skill level 1 in Polearms
  3170 | D:5      | Entered Level 5 of the Dungeon
  3424 | D:5      | Reached skill level 5 in Shapeshifting
  3424 | D:5      | Reached XP level 7. HP: 44/46 MP: 7/7
  3535 | D:5      | Noticed Dowan
  3748 | D:6      | Noticed a steam dragon
  3759 | D:6      | Killed from afar by a steam dragon

Illustrated notes

Levels and vault maps discovered:
D:1:      lightli_arrival_boilingwater, layout_loops_ring, serial_forest,
          infiniplex_forest_clump_small, infiniplex_forest_clump_small,
          infiniplex_forest_clump_small, infiniplex_forest_3_way,
          infiniplex_forest_clump_tiny, infiniplex_forest_clump_diagonal,
          infiniplex_forest_clump_cross, serial_shops, shop, minmay_misc_feat_x
D:2:      layout_basic, minmay_surrounded
D:3:      cheibrodos_old_hovel, layout_loops_cross, skrybe_limestone_x,
          moated_statue, nicolae_shop_vocational
D:4:      layout_cave_pools
D:5:      layout_gridville, uniq_duvessa
D:6:      layout_rooms, nicolae_overflow_two_pavilions, serial_shops, shop,
          serial_co_window_serial, co_window_paths_a, co_window_paths_a,
          co_window_paths_a, co_window_paths_a, co_window_corner_a,
          co_window_unsneaky_path_c, co_window_unsneaky_path_b,
          co_window_of_opportunity_b, co_window_paths_c, co_window_2corner,
          co_window_cross_3, glass_columns_a, glass_columns_a,
          dilly_guarded_unrand_devastator

Skill      XL: |  1  2  3  4  5  6 |
---------------+-------------------+-----
Unarmed Combat | 3 4 |  4.0
Shapeshifting  | 4 5 |  5.5
Fighting       | 3 |  3.2
Dodging        | 3 |  3.1
Polearms       | 1 |  1.2

Action                     |  1- 3 |  4- 6 |  7- 9 || total
---------------------------+-------+-------+-------++-------
  Melee: Unarmed           |    69 |    53 |    13 ||   135
         Constrict         |    21 |    18 |     3 ||    42
         Punch             |     3 |     3 |       ||     6
         Tentacles         |     9 |    19 |     2 ||    30
         Spear             |       |    36 |       ||    36
  Throw: Dart              |       |     4 |       ||     4
   Stab: Sleeping          |     7 |     5 |       ||    12
 Armour: Skin              |     5 |     3 |       ||     8
  Dodge: Dodged            |    25 |    37 |     3 ||    65

Table legend: (Time is in decaauts)
 A = Elapsed time spent in this place.
 B = Non-inter-level travel time spent in this place.
 C = Inter-level travel time spent in this place.
 D = Time resting spent in this place.
 E = Time spent auto-exploring this place.
 F = Levels seen in this place.
 G = Mean time per level.
                   A        B        C        D        E       F      G
               +--------+--------+--------+--------+--------+-----+--------+
         Total |   3752 |   3515 |    237 |    546 |   2269 |   6 |  625.3 |
       Dungeon |   3752 |   3515 |    237 |    546 |   2269 |   6 |  625.3 |
               +--------+--------+--------+--------+--------+-----+--------+

Top non-repeatable levels by time:
     D:3: 887 daAuts
     D:2: 799 daAuts
     D:1: 784 daAuts
     D:4: 693 daAuts
     D:5: 560 daAuts
     D:6: 26 daAuts
